 Dungeon Crawl Stone Soup version 0.27.1-33-g824d729ab1 (webtiles) character file.

Game seed: 4075289217621525676

10488 rvierbuc the Cleaver (level 11, -7/99 HPs)
             Began as a Minotaur Berserker on Dec 6, 2021.
             Was a High Priest of Trog.
             Mangled by a skeletal warrior (16 damage)
             ... on level 10 of the Dungeon.
             The game lasted 00:36:35 (11856 turns).

rvierbuc the Cleaver (Minotaur Berserker)          Turns: 11856, Time: 00:36:41

Health: -7/99      AC: 21    Str: 23 (26) XL:     11   Next: 36%
Magic:  10/10      EV:  7    Int:  3 (4)  God:    Trog [*****.]
Gold:   359        SH:  9    Dex: 11      Spells: 10/10 levels left

rFire    . . .     SeeInvis .   e - +4 hand axe of Tension {speed, rC+ Will+}
rCold    + . .     Faith    .   b - +0 kite shield
rNeg     . . .     Spirit   .   J - +4 chain mail of the Boiling Point {Dex+2}
rPois    .         Reflect  .   (helmet restricted)
rElec    +         Harm     .   M - +1 cloak of Gigecuush {rElec}
rCorr    .         Rampage  .   F - +0 pair of gloves
Will     +....                  E - +0 pair of boots
Stlth    ..........             (no amulet)
HPRegen  0.26/turn              (no ring)
MPRegen  0.12/turn              (no ring)

@: on berserk cooldown, slowed, very slow
A: horns 2, retaliatory headbutt
a: Renounce Religion, Berserk, Trog's Hand, Brothers in Arms


You were on level 10 of the Dungeon.
You worshipped Trog.
Trog was extremely pleased with you.
You visited 1 branch of the dungeon, and saw 10 of its levels.

You collected 659 gold pieces.
You spent 300 gold pieces at shops.

Inventory:

Hand Weapons
 a - a +0 hand axe
 e - the +4 hand axe of Tension (weapon) {speed, rC+ Will+}
   (You bought it in a shop on level 1 of the Dungeon)

   Attacks with this weapon are significantly faster.
   rC:        It protects you from cold.
   Will:      It increases your willpower.
 l - a +0 war axe
 B - a +0 eveningstar
 G - a +0 mace
 N - a +1 vorpal war axe
Missiles
 u - 5 javelins (quivered)
Armour
 b - a +0 kite shield (worn)
 A - the +0 ring mail of the Vacuum {Harm rF+}
   (You found it on level 5 of the Dungeon)

   rF:        It protects you from fire.
   Harm:      It increases damage dealt and taken.
 E - a +0 pair of boots (worn)
 F - a +0 pair of gloves (worn)
 J - the +4 chain mail of the Boiling Point (worn) {Dex+2}
   (You bought it in a shop on level 1 of the Dungeon)

   Dex:       It affects your dexterity (+2).
 M - the +1 cloak of Gigecuush (worn) {rElec}
   (You found it on level 9 of the Dungeon)

   rElec:     It insulates you from electricity.
Jewellery
 d - a ring of ice
 y - a ring of positive energy
 L - a +6 ring of intelligence
 O - a ring of protection from cold
Wands
 m - a wand of digging (4)
 r - a wand of iceblast (28)
 v - a wand of flame (44)
 I - a wand of polymorph (4)
Scrolls
 c - 4 scrolls of noise {unknown}
 h - 3 scrolls of amnesia {unknown}
 i - 4 scrolls of holy word {unknown}
 k - 4 scrolls of enchant armour {unknown}
 q - 6 scrolls of teleportation {unknown}
 s - a scroll of silence {unknown}
 x - 2 scrolls of immolation {unknown}
 D - a scroll of identify
 H - 2 scrolls of magic mapping {unknown}
 K - a scroll of enchant weapon {unknown}
Potions
 f - 7 potions of brilliance
 g - 4 potions of haste
 j - 3 potions of ambrosia
 n - 3 potions of resistance
 o - a potion of experience {unknown}
 p - a potion of invisibility
 t - a potion of attraction {unknown}
 w - 3 potions of lignification
 z - 4 potions of flight
 C - 2 potions of magic


   Skills:
 * Level 9.7 Fighting
 * Level 14.0 Axes
 - Level 2.4 Throwing
 + Level 10.9 Armour
 + Level 4.6 Dodging
 - Level 2.5 Stealth
 * Level 2.9 Shields
 * Level 2.3 Evocations


You had 10 spell levels left.
You didn't know any spells.
Your spell library was empty.

Dungeon Overview and Level Annotations

Branches:
Dungeon (10/15)            Temple (0/1) D:6            Lair (0/6) D:8
    Orc (0/2) D:10

Altars:
Kikubaaqudgha
Makhleb
Okawaru
Ru
Vehumet
Wu Jian

Shops:
D:1 ([[


Innate Abilities, Weirdness & Mutations

You have a pair of horns on your head.
You reflexively headbutt those who attack you in melee.


Message History

You hit the skeletal warrior but do no damage.
Your headbutt misses the skeletal warrior.
The skeletal warrior is moderately damaged.
The skeletal warrior closely misses you.
You slash the skeletal warrior! You headbutt the skeletal warrior!
The skeletal warrior is severely damaged.
The skeletal warrior hits you with a +0 halberd.
You hit the skeletal warrior but do no damage.
The skeletal warrior is severely damaged.
You block the skeletal warrior's attack.
You closely miss the skeletal warrior. You headbutt the skeletal warrior.
The skeletal warrior is severely damaged.
You block the skeletal warrior's attack.
You hit the skeletal warrior but do no damage.
The skeletal warrior is severely damaged.
The skeletal warrior hits you with a +0 halberd!
* * * LOW HITPOINT WARNING * * *
You hit the skeletal warrior.
Your headbutt misses the skeletal warrior.
The skeletal warrior is severely damaged.
You block the skeletal warrior's attack.
You hit the skeletal warrior.
The skeletal warrior is severely damaged.
You block the skeletal warrior's attack.
You hit the skeletal warrior.
The skeletal warrior is almost destroyed.
The skeletal warrior hits you with a +0 halberd!!
* * * LOW HITPOINT WARNING * * *
Okay, then.
You hit the skeletal warrior but do no damage.
The skeletal warrior is almost destroyed.
You block the skeletal warrior's attack.
You don't know any spells.
Aiming: Throw Flame
Press: ? - help, Shift-Dir - straight line, f - wight, p - skeletal warrior
Aim: a wight, wielding a +0 mace and wearing a +0 robe (71% to hit)
The puff of flame hits the skeletal warrior but does no damage.
The skeletal warrior is almost destroyed.
The skeletal warrior hits you with a +0 halberd!
You die...

# #...# #
#.## ##..#
#.#.#.#.#.##
.....##.#
#....#.#
#...##.#
#z('.# ##.
#z##.#
#....###@.#.#
#....).)##.#
#.#.#.#.#.#..
# #####.# ..#
.[#


You could see a skeletal warrior and a wight.

Vanquished Creatures
  2 two-headed ogres
  Pikel (D:7)
  Grinder (D:3)
  Sigmund (D:3)
  2 wraiths
  2 shadows
  16 yaks
  A steam dragon (D:7)
  4 water moccasins (D:8)
  2 sky beasts
  4 orc warriors
  A hornet zombie (D:7)
  2 ice beasts (D:6)
  A necrophage (D:6)
  2 ogres (D:5)
  4 centaurs
  A lemure (D:7)
  A phantom (D:4)
  3 kobold brigands
  A wyvern zombie (D:6)
  4 bullfrogs
  4 scorpions
  A wyvern skeleton (D:7)
  4 water moccasin skeletons
  23 killer bees
  4 wights
  5 howler monkeys
  An electric eel (D:7)
  A bullfrog zombie (D:6)
  3 centaur zombies (D:10)
  5 hounds
  A jelly (D:5)
  A bullfrog skeleton (D:5)
  Jessica (D:3)
  2 centaur skeletons
  Terence (D:2)
  2 iguanas
  Natasha (thrice) (D:4)
  3 orc wizards
  Robin (D:3)
  A howler monkey skeleton (D:4)
  8 adders
  A white imp (D:7)
  2 ufetubi
  An adder skeleton (D:4)
  A worm (D:2)
  11 dart slugs
  19 orcs
  5 ball pythons
  7 endoplasms
  3 giant cockroaches
  8 goblins
  16 hobgoblins
  3 bats
  3 frilled lizards
  15 kobolds
  A rat (D:2)
227 creatures vanquished.

Vanquished Creatures (others)
  41 fungi (D:8)
  23 plants (D:8)
64 creatures vanquished.

Grand Total: 291 creatures vanquished

Notes
Turn   | Place    | Note
-------+----------+-------------------------------------------
     0 | D:1      | rvierbuc the Minotaur Berserker began the quest for the
                  | Orb.
     0 | D:1      | Reached XP level 1. HP: 19/19 MP: 0/0
    14 | D:1      | Found a faded altar of an unknown god.
   132 | D:1      | Found Keyluw's Armour Emporium.
   323 | D:1      | Found Ronoch's Antique Weapon Emporium.
   335 | D:1      | Found Vuoxyso's Antique Armour Shoppe.
   463 | D:1      | Reached XP level 2. HP: 27/27 MP: 1/1
   741 | D:2      | Reached skill level 4 in Axes
  1016 | D:2      | Noticed Terence
  1026 | D:2      | Killed Terence
  1027 | D:2      | Reached XP level 3. HP: 32/34 MP: 2/2
  1269 | D:2      | Reached ** piety under Trog
  1381 | D:2      | Reached XP level 4. HP: 22/41 MP: 3/3
  2038 | D:1      | Bought an iridescent hand axe for 120 gold pieces
  2038 | D:1      | Identified the +4 hand axe of Tension {speed, rC+ Will+}
                  | (You bought it in a shop on level 1 of the Dungeon)
  2202 | D:3      | Reached skill level 5 in Axes
  2563 | D:3      | Reached XP level 5. HP: 47/47 MP: 4/4
  2573 | D:3      | Noticed Robin
  2587 | D:3      | Killed Robin
  2623 | D:3      | Noticed Grinder
  2646 | D:3      | Killed Grinder
  2647 | D:3      | Reached skill level 5 in Fighting
  2647 | D:3      | Reached skill level 6 in Axes
  2647 | D:3      | Reached XP level 6. HP: 27/56 MP: 5/5
  2843 | D:3      | Noticed Jessica
  2848 | D:3      | Killed Jessica
  2849 | D:3      | Reached skill level 5 in Armour
  2942 | D:3      | Noticed Sigmund
  2950 | D:3      | Killed Sigmund
  2951 | D:3      | Reached skill level 7 in Axes
  2951 | D:3      | Reached XP level 7. HP: 61/61 MP: 6/6
  3870 | D:4      | Noticed Natasha
  3878 | D:4      | Killed Natasha
  4026 | D:4      | Found an ancient bone altar of Kikubaaqudgha.
  4107 | D:4      | Noticed Natasha
  4119 | D:4      | Killed Natasha
  4120 | D:4      | Reached skill level 8 in Axes
  4326 | D:4      | Noticed Natasha
  4336 | D:4      | Killed Natasha
  4336 | D:4      | Reached *** piety under Trog
  4579 | D:5      | Entered Level 5 of the Dungeon
  4588 | D:5      | Reached skill level 1 in Stealth
  4866 | D:5      | Identified the +0 ring mail of the Vacuum {Harm rF+}
  5106 | D:5      | Noticed a wraith
  5108 | D:5      | Reached XP level 8. HP: 69/69 MP: 7/7
  5120 | D:5      | Reached skill level 9 in Axes
  6109 | D:6      | Reached skill level 10 in Axes
  6497 | D:6      | Reached XP level 9. HP: 66/75 MP: 8/8
  6678 | D:6      | Found a staircase to the Ecumenical Temple.
  6788 | D:6      | Reached skill level 1 in Throwing
  7163 | D:6      | Reached skill level 11 in Axes
  7388 | D:1      | Bought a crude chain mail for 180 gold pieces
  7388 | D:1      | Identified the +4 chain mail of the Boiling Point {Dex+2}
                  | (You bought it in a shop on level 1 of the Dungeon)
  7872 | D:7      | Noticed Pikel
  7886 | D:7      | Killed Pikel
  8128 | D:7      | Reached XP level 10. HP: 24/86 MP: 9/9
  8632 | D:8      | Reached skill level 12 in Axes
  8659 | D:8      | Reached **** piety under Trog
  8760 | D:8      | Found a staircase to the Lair.
  9026 | D:8      | Found a radiant altar of Vehumet.
  9040 | D:8      | Reached skill level 10 in Armour
  9634 | D:8      | Reached skill level 13 in Axes
 10308 | D:9      | Found a faded altar of an unknown god.
 10308 | D:9      | Found a faded altar of an unknown god.
 10312 | D:9      | Identified the +1 cloak of Gigecuush {rElec}
 10330 | D:9      | Found an ornate altar of the Wu Jian Council.
 10332 | D:9      | Found a burning altar of Makhleb.
 10334 | D:9      | Found a sacrificial altar of Ru.
 10479 | D:9      | Reached ***** piety under Trog
 10480 | D:9      | Reached skill level 1 in Shields
 10638 | D:9      | Reached skill level 1 in Evocations
 10638 | D:9      | Reached XP level 11. HP: 69/97 MP: 10/10
 10957 | D:9      | Noticed a two-headed ogre
 10975 | D:9      | Killed a two-headed ogre
 11264 | D:9      | Found an iron altar of Okawaru.
 11407 | D:10     | Entered Level 10 of the Dungeon
 11533 | D:10     | Found a staircase to the Orcish Mines.
 11824 | D:10     | Noticed a skeletal warrior
 11828 | D:10     | Noticed a two-headed ogre
 11835 | D:10     | Killed a two-headed ogre
 11836 | D:10     | Reached skill level 14 in Axes
 11856 | D:10     | Mangled by a skeletal warrior

Illustrated notes

Levels and vault maps discovered:
D:1:      eino_arrival_druids_welcome, layout_basic, serial_shops,
          nicolae_diamond_shop, shop, nicolae_shop_crystal,
          ebering_ecumenical_altar_rust
D:2:      cheibrodos_helix_gallery, layout_loops_corners, uniq_terence
D:3:      kennysheep_slugbush, layout_basic, serial_co_window_serial,
          co_window_corner_a, co_window_corner_a, co_window_paths_a,
          co_window_paths_b, co_window_corner_a, co_window_corner_b,
          co_window_corner_ca, co_window_2corner, co_window_corner_ca,
          co_window_2corner, co_window_paths_e, glass_columns_b,
          glass_columns_a, glass_columns_a, glass_columns_a, st_stairs_10,
          roderic_roman_lattice, minmay_misc_feat_square, uniq_grinder,
          uniq_jessica, uniq_robin, uniq_sigmund
D:4:      layout_basic, minmay_ruined_shrine, uniq_natasha
D:5:      minmay_octagon_keep, layout_layer_cave
D:6:      layout_basic, minmay_temple_entry_arrows, minmay_stone_trees_small
D:7:      layout_rooms, kennysheep_cross_room, uniq_pikel
D:8:      layout_loops_cross, old_standard_altar, due_lair_maze_entry_diamond
D:9:      layout_stronghold, chequers_temple_overflow_minitemple,
          mainiacjoe_overflow_alcove_4
D:10:     minmay_the_grid_plus_closed [minmay_the_grid_armoury,
          minmay_the_grid_square_x, minmay_the_grid_eight,
          minmay_the_grid_tiny_cups,
          minmay_the_grid_prize_four_corners_diamond_a], layout_loops_corners,
          david_orc_2

Skill      XL: |  1  2  3  4  5  6  7  8  9 10 11 |
---------------+----------------------------------+-----
Fighting       | 4 5 6 7 9 |  9.7
Axes           | 4 5 6 7 8 10 11 13 14 | 14.0
Armour         | 3 4 5 6 8 9 10 | 10.9
Stealth        | 1 2 |  2.5
Dodging        | 3 4 |  4.6
Throwing       | 2 |  2.4
Shields        | 1 2 |  2.9
Evocations     | 1 2 |  2.3

Action                   |  1- 3 |  4- 6 |  7- 9 | 10-12 || total
-------------------------+-------+-------+-------+-------++-------
Melee: Hand axe          |    64 |    80 |   248 |   318 ||   710
       Headbutt          |     9 |    16 |    51 |    64 ||   140
Throw: Javelin           |       |       |    11 |     2 ||    13
Invok: Berserk           |       |     4 |     1 |     3 ||     8
       Trog's Hand       |       |     1 |       |       ||     1
Evoke: Wand              |       |       |       |     1 ||     1
  Use: Scroll            |       |     3 |       |     2 ||     5
       Potion            |       |       |       |     4 ||     4
Armor: Chain mail        |    36 |    36 |    36 |   118 ||   226
       Ring mail         |       |       |    25 |       ||    25
Dodge: Dodged            |    24 |    24 |    61 |    94 ||   203
Block: Kite shield       |       |       |       |    78 ||    78
